 Dungeon Crawl Stone Soup version 0.28-a0-1613-gdaab1c2f9b (webtiles) character file.

Game seed: 15558115360286403085

22 parzival7114810 the Skirmisher (level 2, 0/40 HPs)
             Began as a Hill Orc Fighter on Jan 21, 2022.
             Succumbed to an adder's poison
             ... on level 2 of the Dungeon.
             The game lasted 00:04:26 (726 turns).

parzival7114810 the Skirmisher (Hill Orc Fighter)    Turns: 726, Time: 00:04:29

Health: 0/40       AC: 21    Str: 18    XL:     2   Next: 91%
Magic:  2/2        EV:  2    Int: 20    God:
Gold:   144        SH:  4    Dex: 10    Spells: 1/1 levels left

rFire   . . .      SeeInvis .   a - +0 war axe
rCold   . . .      Faith    .   c - +0 buckler
rNeg    . . .      Spirit   .   (armour currently unavailable)
rPois   +          Reflect  .   (helmet currently unavailable)
rElec   .          Harm     .   (cloak currently unavailable)
rCorr   .          Rampage  .   (gloves currently unavailable)
Will    .....      NoTele   +   (boots currently unavailable)
Stlth   +.........              e - amulet of magic regeneration
HPRegen 0.13/turn               f - +6 ring of intelligence
MPRegen 0.48/turn               h - +6 ring of intelligence

@: mighty, lethally poisoned (0 -> -1), tree-form
A: stationary, stasis, torment immunity, boosted hp
a: no special abilities


You were on level 2 of the Dungeon.
You were a tree.
You visited 1 branch of the dungeon, and saw 2 of its levels.

You collected 144 gold pieces.

Inventory:

Hand Weapons
 a - a +0 war axe (weapon)
Armour
 b - a +0 scale mail (melded)
 c - a +0 buckler (worn)
Jewellery
 e - an amulet of magic regeneration (around neck)
 f - a +6 ring of intelligence (left branch)
 h - a +6 ring of intelligence (right branch)


   Skills:
 + Level 3.8 Fighting
 + Level 3.5 Axes
 + Level 3.6 Armour
 + Level 3.4 Shields


You had one spell level left.
You didn't know any spells.
Your spell library contained the following spells:

 Spells                   Type           Power      Damage    Failure   Level
 Sublimation of Blood     Necr           0%         N/A       36%         2
 Wereblood                Tmut           0%         N/A       36%         2
 Confusing Touch          Hex            0%         N/A       58%         3
 Yara's Violent Unravell  Hex/Tmut       0%         3d3       100%        5
 Enfeeble                 Hex            0%         N/A       100%        7
 Summon Hydra             Summ           0%         N/A       100%        7


Dungeon Overview and Level Annotations

Branches:
Dungeon (2/15)

Altars:


Message History

You aren't carrying any scrolls.
You aren't carrying any potions.
You aren't carrying any potions.
You aren't carrying any potions.
You aren't carrying any potions.
You aren't carrying any potions.
You cannot move.
You can't memorise that many levels of magic yet!
You cannot move.
You aren't carrying any scrolls.
There are no items here.
There are no items here.
There are no items here.
There are no items here.
You cannot move.
You cannot move.
You cannot move.
There is a lethal amount of poison in your body!
There is a lethal amount of poison in your body!
There is a lethal amount of poison in your body!
There is a lethal amount of poison in your body!
There is a lethal amount of poison in your body!
Welcome back, parzival7114810 the Hill Orc Fighter.
Press ? for a list of commands and other information.
Unknown command.
Unknown command.
Unknown command.
Unknown command.
Unknown command.
Unknown command.
Unknown command.
Unknown command.
Keep disrobing? [Y]es or [N]o only, please.
Keep disrobing?
* * * LOW HITPOINT WARNING * * *
You feel sick.
You start removing your armour.
You continue taking off your +0 buckler.
You die...

##. .# # .. .#
# #.#. .# .##
###.#.##.##..
...........####
..............S
#....<.....##
#.###........
#♣...####
#........
#......†......?
#...#.......?..
.. ....l.......
.............
#..##.#...#.#.#
#.. #.#.....#.#
.. #.##..#.#


You could see an adder (fleeing) and a frilled lizard (fleeing).

Vanquished Creatures
  A dart slug (D:2)
  2 ball pythons (D:1)
  A bat (D:1)
  2 endoplasms
  A giant cockroach (D:1)
  2 kobolds (D:1)
  2 quokkas
  A frilled lizard (D:1)
  2 goblins (D:1)
  4 rats
18 creatures vanquished.

Vanquished Creatures (others)
  4 toadstools (D:1)
4 creatures vanquished.

Grand Total: 22 creatures vanquished

Notes
Turn   | Place    | Note
-------+----------+-------------------------------------------
     0 | D:1      | parzival7114810 the Hill Orc Fighter began the quest for
                  | the Orb.
     0 | D:1      | Reached XP level 1. HP: 19/19 MP: 1/1
   232 | D:1      | Reached XP level 2. HP: 27/27 MP: 2/2
   394 | D:1      | Found a faded altar of an unknown god.
   723 | D:2      | HP: 2/40 [poisoned by an adder]
   726 | D:2      | Succumbed to an adder's poison

Illustrated notes

Levels and vault maps discovered:
D:1:      evilmike_arrival_grusome_pit, layout_basic,
          ebering_ecumenical_altar_ruins, minmay_gold_behind_fungi,
          minmay_tiny_reverse_x
D:2:      layout_basic

Skill      XL: |  1 |
---------------+----+-----
Axes           | 3 |  3.5
Fighting       | |  3.8
Armour         | |  3.6
Shields        | |  3.4

Action                   || total
-------------------------++-------
Melee: War axe           ||    45
  Use: Scroll            ||     2
       Potion            ||     2
Armor: Scale mail        ||    48
Dodge: Dodged            ||    43
Block: Buckler           ||    33

Table legend: (Time is in decaauts)
 A = Elapsed time spent in this place.
 B = Non-inter-level travel time spent in this place.
 C = Inter-level travel time spent in this place.
 D = Time resting spent in this place.
 E = Time spent auto-exploring this place.
 F = Levels seen in this place.
 G = Mean time per level.
                   A        B        C        D        E       F      G
               +--------+--------+--------+--------+--------+-----+--------+
         Total |    741 |    677 |     64 |      0 |    494 |   2 |  370.5 |
       Dungeon |    741 |    677 |     64 |      0 |    494 |   2 |  370.5 |
               +--------+--------+--------+--------+--------+-----+--------+

Top non-repeatable levels by time:
     D:1: 716 daAuts
     D:2: 25 daAuts
